AoeStats
← Clueless Clown

QS Arena

503178570Analyzed
2v2 RM · 1mo ago on Aug 30, 2026· 49m 1s· 4 players
Game mode
Random Map
Map size
Medium (4 player)
Population
200
Speed
Normal
Resources
Standard
Victory
Conquest
Starting age
Dark Age
Ending age
Imperial Age
RankedLock teamsTeams togetherTeam positionsShared explorationLock speedFull tech treeHidden civsTurbo modeCheats
Victory
Defeat
🇺🇸 Romans · United States
1084
+15
🇦🇷 Japanese · Argentina
1024
+17
🇺🇸 Vikings · United States
1055
-16
🇨🇴 Portuguese · Colombia
1051
-16
Clueless Clown
8:11 Feudal Age
12:58 Castle Age
11:14 Double-Bit Axe
11:29 Horse Collar
15:34 Bow Saw
18:24 Loom
21:14 Heavy Plow
25:21 Imperial Age
23:06 Scale Mail Armor
24:05 Ballistics
24:02 Chain Mail Armor
23:40 Fletching
23:38 Man-at-Arms
24:03 Gambesons
24:18 Squires
24:04 Arson
24:35 Gold Mining
24:35 Stone Mining
24:53 Bodkin Arrow
24:20 Long Swordsman
25:30 Forging
25:36 Padded Archer Armor
25:56 Two-Handed Swordsman
27:07 Plate Mail Armor
26:38 Bracer
28:11 Iron Casting
29:19 Chemistry
28:00 Treadmill Crane
28:16 Murder Holes
28:14 Crossbowman
29:28 Leather Archer Armor
28:43 Arbalester
30:29 Ring Archer Armor
31:53 Blast Furnace
31:32 Bogsveigar
31:55 Conscription
32:27 Gold Shaft Mining
32:01 Caravan
32:33 Champion
33:42 Town Watch
41:00 Pikeman
48:18 Sappers
blackangelito
7:57 Feudal Age
14:53 Castle Age
13:01 Double-Bit Axe
12:59 Horse Collar
13:53 Loom
15:50 Bow Saw
15:42 Heavy Plow
25:51 Imperial Age
24:31 Bloodlines
24:43 Town Watch
24:49 Fletching
25:17 Gold Mining
26:04 Scale Barding Armor
26:33 Masonry
27:16 Wheelbarrow
26:29 Town Watch
27:44 Husbandry
27:30 Cavalier
29:34 Ballistics
29:33 Hand Cart
29:54 Conscription
30:55 Forging
32:31 Town Patrol
33:02 Chain Barding Armor
34:08 Plate Barding Armor
36:01 Chemistry
35:31 Architecture
35:08 Siege Engineers
36:24 Iron Casting
35:53 Padded Archer Armor
36:49 Arquebus
38:03 Blast Furnace
43:38 Leather Archer Armor
46:59 Stone Mining
treetoptony
4:22 Loom
8:09 Feudal Age
12:15 Castle Age
10:42 Double-Bit Axe
11:10 Horse Collar
12:49 Wheelbarrow
13:12 Bow Saw
16:55 Heavy Plow
22:45 Ballistics
22:19 Man-at-Arms
22:59 Squires
26:33 Imperial Age
24:21 Hand Cart
23:52 Town Watch
23:52 Loom
25:41 Long Swordsman
26:25 Scale Mail Armor
27:02 Forging
27:09 Heavy Scorpion
27:52 Pikeman
28:26 Gold Mining
28:27 Stone Mining
30:08 Chemistry
30:40 Chain Mail Armor
31:51 Ballistas
32:07 Conscription
33:14 Iron Casting
33:31 Halberdier
34:35 Siege Engineers
34:41 Masonry
35:34 Legionary
37:10 Crop Rotation
39:32 Blast Furnace
40:27 Elite Skirmisher
41:44 Comitatenses
korpogardisto
7:48 Loom
9:37 Feudal Age
13:02 Castle Age
11:51 Double-Bit Axe
11:47 Horse Collar
12:17 Town Watch
12:31 Gold Mining
16:52 Wheelbarrow
16:12 Loom
21:58 Town Watch
23:56 Town Patrol
24:39 Fortified Wall
28:38 Imperial Age
26:18 Treadmill Crane
26:50 Masonry
27:19 Ballistics
27:27 Forging
27:18 Scale Mail Armor
27:09 Fletching
27:23 Pikeman
28:03 Squires
27:51 Gambesons
27:51 Arson
28:38 Scale Barding Armor
29:08 Iron Casting
30:17 Town Patrol
30:33 Hand Cart
30:40 Husbandry
30:55 Bloodlines
30:20 Light Cavalry
31:44 Conscription
34:28 Blast Furnace
33:44 Chain Mail Armor
34:21 Kataparuto
34:56 Stone Mining
35:42 Gold Shaft Mining
35:55 Heavy Plow
36:07 Bow Saw
35:30 Halberdier
39:24 Hoardings
39:56 Chemistry
39:03 Siege Engineers
42:52 Plate Mail Armor
42:59 Ballistics
42:53 Caravan
43:55 Guard Tower
43:51 Arrowslits
Connection lost

Rejoining the realm…

Still unreachable

The connection could not be restored.

Session expired

The server has moved on; the page needs a fresh start.